 Dungeon Crawl Stone Soup version 0.31-a0-175-g9f7f995f2b (webtiles) character file.

Game seed: 3410476103645750213

84 qw the Shooter (level 4, -1/28 HPs)
             Began as a Gargoyle Hunter on June 17, 2023.
             Slain by a gnoll
             ... wielding a +0 club
              (6 damage)
             ... on level 3 of the Dungeon.
             The game lasted 00:00:40 (1884 turns).

qw the Shooter (Gargoyle Hunter)                    Turns: 1884, Time: 00:00:41

Health: -1/28      AC:  6    Str: 12 (15) XL:     4   Next: 46%
Magic:  4/4        EV: 11    Int:  8 (9)  God:
Gold:   99         SH:  0    Dex: 14 (15) Spells: 3/3 levels left

rFire   . . .        Y - +0 orcbow
rCold   . . .        (shield currently unavailable)
rNeg    + . .        c - +0 leather armour
rPois   inf          (no helmet)
rElec   +            (no cloak)
rCorr   .            (no gloves)
SInv    .            (no boots)
Will    .....        (no amulet)
Stlth   +            (no ring)
HPRegen 0.24/turn    (no ring)
MPRegen 0.09/turn

%: no passive effects
@: no status effects
A: sickness immunity, AC +3, negative energy resistance 1, electricity
resistance, torment resistance 1, petrification resistance
a: no special abilities


You were on level 3 of the Dungeon.
You visited 1 branch of the dungeon, and saw 3 of its levels.

You collected 99 gold pieces.


Innate Abilities, Weirdness & Mutations

You are immune to sickness and miasma.
Your stone body is resilient. (AC +3)
You are immune to poison.
You resist negative energy. (rN+)
You are resistant to electric shocks. (rElec)
You are resistant to unholy torment.
You are immune to petrification.


   Skills:
 - Level 3.0 Fighting
 + Level 5.4 Ranged Weapons
 - Level 1.5 Dodging
 - Level 1.1 Stealth


You had 3 spell levels left.
You didn't know any spells.
Your spell library was empty.

Inventory:

Hand Weapons
 Y - a +0 orcbow (weapon)
Armour
 c - a +0 leather armour (worn)
 d - a scarf of resistance
Scrolls
 a - a scroll of identify {unknown}
 i - a scroll of enchant weapon {unknown}
 k - a scroll of fog {unknown}
Potions
 b - a potion of heal wounds {unknown}
 e - a potion of lignification {unknown}
 f - a potion of cancellation {unknown}
 g - a potion of haste
 h - a potion of curing {unknown}
 j - a potion of resistance {unknown}

Dungeon Overview and Level Annotations

Branches:
Dungeon (3/15)

Altars:
Gozag


Message History

The jackal bites you but does no damage. x2
You shoot an arrow. The arrow hits the jackal.
You kill the jackal!
You see here a jackal corpse.
A gnoll comes into view. It is wielding a +0 spear.
The gnoll shouts!
Enter note:
Enter note:
Enter note:
Enter note:
Enter note:
Enter note: You shoot an arrow.
The arrow barely misses the gnoll.
A gnoll comes into view. It is wielding a +0 club.
You shoot an arrow. The arrow hits the gnoll.
The gnoll is moderately wounded.
You shoot an arrow.
The arrow hits the gnoll but does no damage.
The gnoll is moderately wounded.
You shoot an arrow. The arrow hits the gnoll!
The gnoll is almost dead.
You shoot an arrow. The arrow closely misses the gnoll.
The gnoll hits you with a +0 club. The gnoll closely misses you.
The gnoll hits you from afar with a +0 spear.
The gnoll hits you with a +0 club.
A gnoll comes into view. It is wielding a +0 halberd.
You shoot an arrow. The arrow hits the gnoll.
The gnoll is almost dead.
The gnoll closely misses you.
The gnoll hits you from afar with a +0 spear.
You shoot an arrow. The arrow closely misses the gnoll.
The gnoll hits you with a +0 club.
The gnoll hits you from afar with a +0 spear.
You shoot an arrow. The arrow closely misses the gnoll.
The gnoll hits you with a +0 club.
The gnoll hits you from afar with a +0 spear!
You shoot an arrow. The arrow barely misses the gnoll.
The gnoll hits you but does no damage. The gnoll closely misses you.
The gnoll hits you with a +0 club.
You die...

# # # # ##.###### #
....ggg.# # #@# # #.#
##### #.# ###.... #.#
######...###
####.####)........##
#)..%...#.###.###..##
#.##.##.#.# # #....
#.##.##.#.# ###..#.
#....##.#.# +......


You could see 3 gnolls.

Vanquished Creatures
  4 adders
  A dart slug (D:1)
  7 ball pythons
  5 endoplasms
  2 giant cockroaches
  A goblin (D:3)
  4 hobgoblins
  2 jackals (D:3)
  A quokka (D:2)
  4 bats (D:1)
  2 frilled lizards
  7 kobolds
  6 rats
46 creatures vanquished.

Notes
Turn   | Place    | Note
-------+----------+-------------------------------------------
     0 | D:1      | qw the Gargoyle Hunter began the quest for the Orb.
     0 | D:1      | Reached XP level 1. HP: 12/12 MP: 1/1
     0 | D:1      | 0 ||| qw: Version: 0.3-a-2-g5ab2908
     0 | D:1      | 0 ||| qw: Game counter: 369
     0 | D:1      | 0 ||| qw: Always use a shield: true
     0 | D:1      | 0 ||| qw: God list: Okawaru
     0 | D:1      | 0 ||| qw: Allow faded altars: false
     0 | D:1      | 0 ||| qw: Do Orc after D:15 true
     0 | D:1      | 0 ||| qw: Do second Lair branch before Depths: true
     0 | D:1      | 0 ||| qw: Lair rune preference: random
     0 | D:1      | 0 ||| qw: Plans: Normal, Zot:1-4, Slime:5, God:TSO, Crypt,
                  | Tomb, Abyss, Pan, Hells, Win
     0 | D:1      | 0 ||| PLANNING D:1-11
    72 | D:1      | 72 ||| SWAPPING to +0 orcbow.
    74 | D:1      | 74 ||| DROPPING +0 shortbow.
   205 | D:1      | Reached XP level 2. HP: 17/17 MP: 2/2
   432 | D:1      | Reached XP level 3. HP: 21/21 MP: 3/3
   620 | D:1      | 620 ||| READING scroll labelled GUHA RYFFIRA.
   621 | D:1      | 621 ||| DROPPING scroll of butterflies.
   676 | D:2      | Reached skill level 5 in Ranged Weapons
  1047 | D:2      | Found a faded altar of an unknown god.
  1294 | D:2      | 1294 ||| READING 2 scrolls labelled FASAEXK QEPIS.
  1295 | D:2      | 1295 ||| READING scroll labelled TIWALIMUTZ.
  1296 | D:2      | 1296 ||| DRINKING 2 smoky white potions.
  1297 | D:2      | 1297 ||| DRINKING 2 grey potions.
  1298 | D:2      | 1298 ||| DROPPING potion of degeneration.
  1299 | D:2      | 1299 ||| DROPPING scroll of immolation.
  1361 | D:3      | Reached skill level 3 in Fighting
  1368 | D:3      | Reached XP level 4. HP: 28/28 MP: 4/4
  1456 | D:3      | Found an opulent altar of Gozag.
  1883 | D:3      | HP: 4/28 [gnoll/+0 spear (7)]
  1884 | D:3      | Slain by a gnoll

Levels and vault maps discovered:
D:1:      nagdon_arrival_double_spiral, layout_loops_ring
D:2:      layout_loops_ring, hellmonk_ecumenical_altar_zigzags
D:3:      layout_loops_corners, lemuel_doored_altar,
          nicolae_gozag_cash_rules_everything_around_me, serial_glass,
          glass_columns_c, glass_columns_b

Skill      XL: |  1  2  3 |
---------------+----------+-----
Ranged Weapons | 5 |  5.4
Fighting       | 3 |  3.0
Dodging        | |  1.5
Stealth        | |  1.1

Action                     |  1- 3 |  4- 6 || total
---------------------------+-------+-------++-------
   Fire: Orcbow            |   103 |    49 ||   152
    Use: Scroll            |     3 |       ||     3
         Potion            |     2 |       ||     2
 Armour: Leather armour    |    28 |    15 ||    43
  Dodge: Dodged            |    34 |    15 ||    49

Table legend:
 A = Non-vault XP
 B = Vault XP
 C = Vault XP percentage of total XP
 D = Non-vault monster count
 E = Vault monster count
 F = Vault count percentage of total count
                 A         B        C        D         E       F
            +---------+---------+-------+---------+---------+-------
      Total |     121 |       0 |   0.0 |      46 |       0 |   0.0
            +---------+---------+-------+---------+---------+-------
        D:1 |      36 |       0 |   0.0 |      22 |       0 |   0.0
        D:2 |      43 |       0 |   0.0 |      13 |       0 |   0.0
        D:3 |      42 |       0 |   0.0 |      11 |       0 |   0.0
            +---------+---------+-------+---------+---------+-------
